% Time on Ice - LAS VEGAS LIZARD KINGS
Lines # - Real PCT - Wanted PCT - Time Play
Normal Forward
1 - 33% - 37% - 15:20
2 - 25% - 30% - 11:46
3 - 29% - 25% - 13:18
4 - 13% - 8% - 5:55
Normal Defense
1 - 39% - 40% - 17:58
2 - 33% - 35% - 15:26
3 - 28% - 25% - 12:55
4 - 0% - 0% - 0:00
PP Forward
1 - 56% - 60% - 3:19
2 - 44% - 40% - 2:38
PP Defense
1 - 56% - 60% - 3:19
2 - 44% - 40% - 2:38
PK Forward
1 - 67% - 55% - 3:51
2 - 33% - 45% - 1:54
PK Defense
1 - 51% - 55% - 2:57
2 - 49% - 45% - 2:48
PK3 Forward
1 - 0% - 55%
2 - 0% - 45%
PK3 Defense
1 - 0% - 55%
2 - 0% - 45%
44 Forward
1 - 53% - 55% - 1:03
2 - 47% - 45% - 0:56
44 Defense
1 - 47% - 55% - 0:56
2 - 53% - 45% - 1:03
Last Minute Offensive  - 0:00
Last Minute Defensive  - 0:00
Total
Forward - 60:00
Defense - 60:00
% Time on Ice - PHOENIX MUSTANGS
Lines # - Real PCT - Wanted PCT - Time Play
Normal Forward
1 - 33% - 32% - 15:11
2 - 27% - 28% - 12:30
3 - 24% - 24% - 11:11
4 - 16% - 16% - 7:27
Normal Defense
1 - 38% - 40% - 17:45
2 - 37% - 40% - 17:02
3 - 25% - 20% - 11:32
4 - 0% - 0% - 0:00
PP Forward
1 - 51% - 65% - 2:57
2 - 49% - 35% - 2:48
PP Defense
1 - 61% - 60% - 3:29
2 - 39% - 40% - 2:16
PK Forward
1 - 46% - 50% - 2:46
2 - 54% - 50% - 3:11
PK Defense
1 - 47% - 58% - 2:47
2 - 53% - 42% - 3:10
PK3 Forward
1 - 0% - 50%
2 - 0% - 50%
PK3 Defense
1 - 0% - 50%
2 - 0% - 50%
44 Forward
1 - 47% - 52% - 0:56
2 - 53% - 48% - 1:03
44 Defense
1 - 53% - 52% - 1:03
2 - 47% - 48% - 0:56
Last Minute Offensive  - 0:00
Last Minute Defensive  - 0:00
Total
Forward - 60:00
Defense - 60:00
Play-by-Play 1st period 0:01 of 1st period - John Tavares wins face-off versus Ryan Nugent-Hopkins in neutral zone. 0:04 of 1st period - Brayden McNabb is hit by John Tavares and loses puck. 0:15 of 1st period - Erik Karlsson is hit by Johnny Gaudreau and loses puck. 0:40 of 1st period - Shot by Johnny Gaudreau. 0:40 of 1st period - Shot Blocked by Jeff Petry. 1:04 of 1st period - Damon Severson is hit by Jeff Carter and loses puck. 2:28 of 1st period - Shot by Jesper Fast. 2:28 of 1st period - Shot Misses the Net. 2:30 of 1st period - Shot by Marcus Foligno. 2:30 of 1st period - Stopped by Spencer Knight without a rebound. 2:31 of 1st period - Sean Monahan wins face-off versus Rasmus Asplund in LAS VEGAS LIZARD KINGS zone. 2:31 of 1st period - Sean Monahan is hit by Jordan Greenway. 2:52 of 1st period - Shot by Brandon Hagel. 2:52 of 1st period - Shot Misses the Net. 3:22 of 1st period - Icing by Matt Roy. 3:23 of 1st period - Dustin Brown wins face-off versus Sean Monahan in LAS VEGAS LIZARD KINGS zone. 3:30 of 1st period - Shot by Dustin Brown. 3:30 of 1st period - Shot Misses the Net. 4:22 of 1st period - Ryan Nugent-Hopkins is hit by Damon Severson and loses puck. 5:01 of 1st period - Drake Caggiula is hit by John Tavares and loses puck. 5:10 of 1st period - Shot by John Tavares. 5:10 of 1st period - Stopped by Spencer Knight without a rebound. 5:11 of 1st period - Jeff Carter wins face-off versus Jason Spezza in LAS VEGAS LIZARD KINGS zone. 5:24 of 1st period - Shot by Jeff Carter. 5:24 of 1st period - Stopped by Jack Campbell without a rebound. 5:25 of 1st period - John Tavares wins face-off versus Brandon Hagel in PHOENIX MUSTANGS zone. 5:45 of 1st period - Shot by Teuvo Teravainen. 5:45 of 1st period - Shot Misses the Net. 5:59 of 1st period - Clayton Keller is hit by Brayden McNabb and loses puck. 6:06 of 1st period - John Tavares is hit by John Klingberg. 6:43 of 1st period - Ryan Nugent-Hopkins is hit by Jeff Petry and loses puck. 6:49 of 1st period - Johnny Gaudreau is hit by Jeff Petry and loses puck. 6:55 of 1st period - Minor Penalty to Jeff Petry for Diving. 6:55 of 1st period - Minor Penalty to Johnny Gaudreau for Hooking. 6:56 of 1st period - Ryan Nugent-Hopkins wins face-off versus John Tavares in PHOENIX MUSTANGS zone. 8:24 of 1st period - Icing by Victor Olofsson. 8:25 of 1st period - Jeff Carter wins face-off versus Andrew Copp in LAS VEGAS LIZARD KINGS zone. 8:30 of 1st period - Damon Severson is hit by Brayden McNabb and loses puck. 8:57 of 1st period - Icing by John Marino. 8:58 of 1st period - Rasmus Asplund wins face-off versus Drake Caggiula in LAS VEGAS LIZARD KINGS zone. 9:02 of 1st period - Minor Penalty to Jack Johnson for Tripping. 9:03 of 1st period - Brandon Hagel wins face-off versus Jason Spezza in LAS VEGAS LIZARD KINGS zone. 9:19 of 1st period - Shot by Teuvo Teravainen. 9:19 of 1st period - Shot Hit the Post. 9:21 of 1st period - Shot by Erik Karlsson. 9:21 of 1st period - Stopped by Spencer Knight without a rebound. 9:22 of 1st period - Evan Rodrigues wins face-off versus John Tavares in LAS VEGAS LIZARD KINGS zone. 9:22 of 1st period - Evan Rodrigues is hit by John Tavares. 10:36 of 1st period - Shot by Jeff Carter. 10:36 of 1st period - Stopped by Jack Campbell without a rebound. 10:37 of 1st period - Jeff Carter wins face-off versus Jason Spezza in PHOENIX MUSTANGS zone. 10:41 of 1st period - Icing by Ryan O'Reilly. 10:42 of 1st period - Jason Spezza wins face-off versus Evan Rodrigues in PHOENIX MUSTANGS zone. 11:03 of 1st period - Shot by Ondrej Kase. 11:03 of 1st period - Stopped by Spencer Knight without a rebound. 11:04 of 1st period - Rasmus Asplund wins face-off versus Ryan Nugent-Hopkins in LAS VEGAS LIZARD KINGS zone. 11:05 of 1st period - Shot by Jordan Greenway. 11:05 of 1st period - Goal by Jordan Greenway - LAS VEGAS LIZARD KINGS : 0 - PHOENIX MUSTANGS : 1. 11:06 of 1st period - Ryan Nugent-Hopkins wins face-off versus Rasmus Asplund in neutral zone. 11:11 of 1st period - Shot by Johnny Gaudreau. 11:11 of 1st period - Stopped by Jack Campbell without a rebound. 11:12 of 1st period - John Tavares wins face-off versus Ryan Nugent-Hopkins in PHOENIX MUSTANGS zone. 11:21 of 1st period - Shot by Ryan Nugent-Hopkins. 11:21 of 1st period - Shot Misses the Net. 11:23 of 1st period - Shot by Ryan Nugent-Hopkins. 11:23 of 1st period - Stopped by Jack Campbell without a rebound. 11:24 of 1st period - Jason Spezza wins face-off versus Jeff Carter in PHOENIX MUSTANGS zone. 11:42 of 1st period - Nino Niederreiter is hit by Marcus Foligno and loses puck. 12:27 of 1st period - Shot by Ryan Nugent-Hopkins. 12:27 of 1st period - Deflect By Johnny Gaudreau. 12:27 of 1st period - Shot Misses the Net. 12:31 of 1st period - Shot by Johnny Gaudreau. 12:31 of 1st period - Stopped by Jack Campbell without a rebound. 12:32 of 1st period - John Tavares wins face-off versus Sean Monahan in PHOENIX MUSTANGS zone. 12:45 of 1st period - Shot by Teuvo Teravainen. 12:45 of 1st period - Deflect By John Tavares. 12:45 of 1st period - Shot Misses the Net. 12:48 of 1st period - Icing by Jack Johnson. 12:49 of 1st period - Ryan O'Reilly wins face-off versus Sean Monahan in LAS VEGAS LIZARD KINGS zone. 12:58 of 1st period - Shot by Andrew Copp. 12:58 of 1st period - Shot Misses the Net. 13:58 of 1st period - Icing by Brayden McNabb. 13:59 of 1st period - Ryan Nugent-Hopkins wins face-off versus Rasmus Asplund in LAS VEGAS LIZARD KINGS zone. 14:16 of 1st period - Shot by Ondrej Kase. 14:16 of 1st period - Shot Blocked by Brayden McNabb. 14:18 of 1st period - Shot by Ondrej Kase. 14:18 of 1st period - Stopped by Spencer Knight without a rebound. 14:19 of 1st period - John Tavares wins face-off versus Jeff Carter in LAS VEGAS LIZARD KINGS zone. 14:48 of 1st period - Minor Penalty to Nick Leddy for Charging. 14:49 of 1st period - Teuvo Teravainen wins face-off versus Evan Rodrigues in LAS VEGAS LIZARD KINGS zone. 15:04 of 1st period - Shot by Erik Karlsson. 15:04 of 1st period - Deflect By Teuvo Teravainen. 15:04 of 1st period - Shot Misses the Net. 15:06 of 1st period - Shot by Erik Karlsson. 15:06 of 1st period - Goal by Erik Karlsson - LAS VEGAS LIZARD KINGS : 0 - PHOENIX MUSTANGS : 2. 15:07 of 1st period - Ryan Nugent-Hopkins wins face-off versus Rasmus Asplund in neutral zone. 15:10 of 1st period - Shot by Johnny Gaudreau. 15:10 of 1st period - Shot Misses the Net. 15:14 of 1st period - Shot by Ryan Nugent-Hopkins. 15:14 of 1st period - Shot Hit the Post. 15:25 of 1st period - Off-side. 15:26 of 1st period - Ryan O'Reilly wins face-off versus Sean Monahan in neutral zone. 16:46 of 1st period - Ryan Nugent-Hopkins is hit by John Tavares. 16:54 of 1st period - Shot by Johnny Gaudreau. 16:54 of 1st period - Deflect By Ryan Nugent-Hopkins. 16:54 of 1st period - Stopped by Jack Campbell without a rebound. 16:55 of 1st period - Jason Spezza wins face-off versus Jeff Carter in PHOENIX MUSTANGS zone. 17:21 of 1st period - Minor Penalty to Ty Smith for Interference. 17:22 of 1st period - John Tavares wins face-off versus Ryan Nugent-Hopkins in PHOENIX MUSTANGS zone. 18:18 of 1st period - Icing by Nino Niederreiter. 18:19 of 1st period - Andrew Copp wins face-off versus Ryan Nugent-Hopkins in LAS VEGAS LIZARD KINGS zone. 18:19 of 1st period - Jesper Fast is hit by John Klingberg and loses puck. 18:38 of 1st period - Shot by Jesper Fast. 18:38 of 1st period - Stopped by Spencer Knight without a rebound. 18:39 of 1st period - Jeff Carter wins face-off versus John Tavares in LAS VEGAS LIZARD KINGS zone. 18:39 of 1st period - Jeff Carter is hit by John Tavares. 18:44 of 1st period - Jeff Carter is hit by Jeff Petry and loses puck. 18:47 of 1st period - Shot by John Marino. 18:47 of 1st period - Stopped by Jack Campbell without a rebound. 18:48 of 1st period - Jeff Carter wins face-off versus Andrew Copp in PHOENIX MUSTANGS zone. Goals for this period are 0 for LAS VEGAS LIZARD KINGS vs 2 for PHOENIX MUSTANGS. Shots for this period are 7 for LAS VEGAS LIZARD KINGS vs 8 for PHOENIX MUSTANGS. 2nd period 0:01 of 2nd period - John Tavares wins face-off versus Ryan Nugent-Hopkins in neutral zone. 0:42 of 2nd period - Shot by Johnny Gaudreau. 0:42 of 2nd period - Deflect By Ryan Nugent-Hopkins. 0:42 of 2nd period - Shot Blocked by Marco Scandella. 0:51 of 2nd period - John Tavares is hit by Nick Leddy and loses puck. 1:22 of 2nd period - Shot by Jeff Carter. 1:22 of 2nd period - Shot Blocked by Jeff Petry. 1:24 of 2nd period - Shot by Nino Niederreiter. 1:24 of 2nd period - Stopped by Jack Campbell without a rebound. 1:25 of 2nd period - Ryan O'Reilly wins face-off versus Sean Monahan in PHOENIX MUSTANGS zone. 2:04 of 2nd period - Brandon Hagel is hit by Jeremy Lauzon and loses puck. 2:07 of 2nd period - Shot by Brandon Hagel. 2:07 of 2nd period - Stopped by Jack Campbell with a rebound. 2:22 of 2nd period - Minor Penalty to Jordan Greenway for Hooking. 2:23 of 2nd period - Ryan Nugent-Hopkins wins face-off versus John Tavares in PHOENIX MUSTANGS zone. 2:23 of 2nd period - Ryan Nugent-Hopkins is hit by Marco Scandella. 2:34 of 2nd period - Johnny Gaudreau is hit by Marco Scandella and loses puck. 3:16 of 2nd period - Shot by Victor Olofsson. 3:16 of 2nd period - Shot Misses the Net. 4:44 of 2nd period - Shot by Rasmus Asplund. 4:44 of 2nd period - Stopped by Spencer Knight without a rebound. 4:45 of 2nd period - Zemgus Girgensons wins face-off versus Jason Spezza in LAS VEGAS LIZARD KINGS zone. 4:45 of 2nd period - Dylan Gambrell is hit by Marcus Foligno. 5:11 of 2nd period - Shot by Zemgus Girgensons. 5:11 of 2nd period - Stopped by Jack Campbell with a rebound. 5:31 of 2nd period - Icing by Damon Severson. 5:32 of 2nd period - Ryan Nugent-Hopkins wins face-off versus Jesper Fast in PHOENIX MUSTANGS zone. 6:01 of 2nd period - Shot by Victor Olofsson. 6:01 of 2nd period - Stopped by Jack Campbell with a rebound. 6:03 of 2nd period - Shot by Johnny Gaudreau